cohdb
Replays
Latest Replays
All Replays
Popular Replays
Top Player Replays
Match Explorer
How It Works
Community
CoH3 Stats
Reddit
Sign in to upload your games and track your stats! →
Sign in with Steam
Match 21691773
Unlisted
Match 21691773
Overview
Messages
Build Orders
End
Vickers Machine Gun Team
Construct Section Command Post
Selects Indian Artillery Battlegroup
Infantry Section
Infantry Section
Grenade Package
Construct Field Infirmary
Selects Valour
Construct Platoon Command Post
Infantry Section
Humber Armored Car
Selects Artillery Saturation
Selects Gurkha Rifles Section
Infantry Training
Unlock Bishop Self-propelled Artillery
Bishop Self-propelled Artillery
Bishop Self-propelled Artillery
6-pounder Anti-tank Gun Team
Construct Company Command Post
Crusader II Medium Tank
Selects Pillage
Selects Off-map Airburst Barrage
Armored Vehicle Training
Off-map Airburst Barrage
Selects Perimeter Monitor
Light Vehicle Training
Off-map Airburst Barrage
Matilda II Heavy Tank
Off-map Airburst Barrage
Matilda II Heavy Tank
Off-map Airburst Barrage
Matilda II Heavy Tank
Matilda II Heavy Tank
Infantry Section
Off-map Airburst Barrage
Foot Guards Section
Off-map Airburst Barrage
Fleischer500
rubag
[TOD7] Gandalfalex
hinatriciana
kuzu1
sunsetistaken
kerem
Emir Solmaz
0
0
Comments
sign in to comment!
No comments posted yet!